 Dungeon Crawl Stone Soup version 0.32-a0-39-g5c88369fb2 (webtiles) character file.

Game seed: 1210921134611291659

168096 Ge0ff the Eclecticist (level 17, -2/127 HPs)
             Began as a Mummy Cinder Acolyte on Jan 30, 2024.
             Was a Priest of Ignis.
             Slain by a meliai
             ... wielding a +0 hand axe
              (11 damage)
             ... on level 1 of the Spider Nest on Jan 31, 2024.
             The game lasted 01:41:31 (42411 turns).

Ge0ff the Eclecticist (Mummy Cinder Acolyte)       Turns: 42411, Time: 01:41:31

Health: -2/127     AC: 15    Str: 22    XL:     17   Next: 7%
Magic:  45/45      EV: 12    Int: 29    God:    Ignis [***...]
Gold:   2337       SH:  5    Dex: 10    Spells: 9/46 levels left

rFire   + . .        a - staff of Valour {rElec rF+ Will+ Int+2 Air}
rCold   + . .        U - +0 buckler
rNeg    + + +        K - +3 troll leather armour
rPois   ∞            G - +1 hat {SInv}
rElec   +            H - +2 cloak
rCorr   .            s - +2 pair of gloves {Str+3}
SInv    +            L - +0 pair of boots
Will    +++..        t - amulet "Cepoad" {RegenMP Str+2 Int+2}
Stlth   +            B - +6 ring of intelligence
HPRegen 1.21/turn    P - ring of magical power {=R}
MPRegen 0.69/turn

%: faith
@: studying 2 skills
A: cold resistance 1, negative energy resistance 3, torment resistance 2, heat
vulnerability 1, in touch with death 2, no potions, faith
}: 1/15 runes: barnacled
a: Renounce Religion, Fiery Armour, Foxfire Swarm, Rising Flame


You were on level 1 of the Spider Nest.
You worshipped Ignis.
Ignis was most pleased with you.
You visited 6 branches of the dungeon, and saw 29 of its levels.
You also visited: Bailey.

You collected 3213 gold pieces.
You spent 876 gold pieces at shops.

Inventory:

Hand Weapons
 b - a +5 demon trident of electrocution
 w - a +0 vampiric short sword
 y - the +3 halberd of Guile {freeze, +Blink Stlth+}
   (You found it on level 4 of the Shoals)

   +Blink:    It lets you blink.
   Stlth+:    It makes you more stealthy.
 R - the +5 rapier of the Pits of Slime {flame, ^Fragile MP+9 Str+3 Int+2}
   (You found it on level 6 of the Dungeon)

   Str+3:     It affects your strength (+3).
   Int+2:     It affects your intelligence (+2).
   MP+9:      It affects your magic capacity (+9).
   ^Fragile:  It will be destroyed if unequipped.
 X - a +1 rapier of distortion
Missiles
 c - 181 stones
 g - 3 throwing nets {=F}
 v - a curare-tipped dart {=F}
 O - 31 boomerangs
 S - 4 silver javelins
 Y - 26 poisoned darts
 Z - 25 javelins
Armour
 o - the +0 ring mail "Emeck" {Int+4}
   (You found it on level 5 of the Lair of Beasts)

   Int+4:     It affects your intelligence (+4).
 p - a +0 helmet of intelligence
 s - a +2 pair of gloves of strength (worn)
 G - a +1 hat of see invisible (worn)
 H - a +2 cloak (worn)
 K - a +3 troll leather armour (worn)
 L - a +0 pair of boots (worn)
 Q - a scarf of invisibility
 U - a +0 buckler (worn)
Magical Staves
 a - the staff of Valour (weapon) {rElec rF+ Will+ Int+2 Air}
   (You found it on level 3 of the Dungeon)

   [staff of air]

   Base accuracy: +5 Base damage: 5 Base attack delay: 1.2 This weapon's minimum
   attack delay (0.6) is reached at skill level 12.
   Int+2:     It affects your intelligence (+2).
   rF+:       It protects you from fire.
   rElec:     It insulates you from electricity.
   Will+:     It increases your willpower.
   Air:       It increases the power of your Air spells.
   It falls into the 'Staves' category.
   It is a one-handed weapon.
 W - a staff of conjuration
Jewellery
 h - a ring of flight
 l - an amulet of regeneration
 t - the amulet "Cepoad" (around neck) {RegenMP Str+2 Int+2}
   (You found it on level 1 of the Lair of Beasts)

   [amulet of magic regeneration]

   RegenMP:   It increases your rate of magic regeneration.
   Str+2:     It affects your strength (+2).
   Int+2:     It affects your intelligence (+2).
 A - a ring of resist corrosion
 B - a +6 ring of intelligence (left hand)
 D - a ring of protection from cold
 E - the ring of Dawn {Fire Slay+2}
   (You found it on level 4 of the Lair of Beasts)

   [ring of fire]

   Fire:      It enhances your fire magic.
   Slay+2:    It affects your accuracy & damage with ranged weapons and melee
   (+2).
   rF+:       It protects you from fire.
   rC-:       It makes you vulnerable to cold.
 P - a ring of magical power (right hand) {=R}
Wands
 d - a wand of digging (7)
 e - a wand of charming (11)
 f - a wand of flame (23)
 j - a wand of light (10)
 r - a wand of roots (12)
Scrolls
 m - 4 scrolls of revelation
 q - 2 scrolls of brand weapon
 x - a scroll of enchant weapon
 z - 8 scrolls of amnesia
 C - a scroll of enchant armour
 F - 3 scrolls of fog
 J - 2 scrolls of silence {!r}
 T - 3 scrolls of teleportation
 V - 4 scrolls of vulnerability
Miscellaneous
 n - a phial of floods (inert)


   Skills:
 - Level 9.9 Fighting
 - Level 2.4 Polearms
 - Level 3.0 Throwing
 - Level 5.0 Armour
 - Level 4.0 Dodging
 - Level 2.0 Stealth
 - Level 7.0 Shields
 - Level 15.0 Spellcasting
 - Level 8.0 Conjurations
 - Level 8.0 Summonings
 - Level 10.0 Necromancy
 - Level 2.0 Translocations
 - Level 10.2 Fire Magic
 * Level 7.7 Air Magic
 - Level 9.0 Earth Magic
 - Level 6.5 Evocations


You had 9 spell levels left.
You knew the following spells:

 Your Spells              Type           Power      Damage    Failure   Level
a - Animate Armour        Summ/Erth      100%       N/A       1%          4
b - Spellforged Servitor  Conj/Summ      31%        N/A       67%         7
f - Summon Blazeheart Go  Fire/Summ      65%        N/A       1%          4
g - Apportation           Tloc           66%        N/A       1%          1
k - Borgnjor's Vile Clut  Necr/Erth      53%        N/A       1%          5
m - Plasma Beam           Fire/Air       42%        2x1d56    12%         6
n - Stone Arrow           Conj/Erth      100%       3d13      1%          3
s - Iskenderun's Battles  Conj           62%        2d11      3%          5
C - Scorch                Fire           100%       2d9       1%          2

Your spell library contained the following spells:

 Spells                   Type           Power      Damage    Failure   Level
 Foxfire                  Conj/Fire      100%       2x1d9     1%          1
 Necrotise                Necr           100%       1d9       1%          1
 Sting                    Conj/Alch      100%       1d9       1%          1
 Summon Small Mammal      Summ           100%       N/A       1%          1
 Call Canine Familiar     Summ           62%        N/A       1%          3
 Passwall                 Erth           65%        N/A       1%          3
 Swiftness                Air            79%        N/A       1%          3
 Animate Dead             Necr           100%       N/A       1%          4
 Flame Wave               Conj/Fire      65%        2d15      1%          4
 Ensorcelled Hibernation  Hex/Ice        42%        N/A       4%          2
 Leda's Liquefaction      Alch/Erth      23%        N/A       4%          4
 Petrify                  Alch/Erth      47%        N/A       4%          4
 Frozen Ramparts          Ice            42%        1d7       9%          3
 Ozocubu's Armour         Ice            21%        N/A       9%          3
 Starburst                Conj/Fire      32%        6d10      11%         6
 Bombard                  Conj/Erth      31%        9d6       14%         6
 Summon Cactus Giant      Summ           31%        N/A       17%         6
 Haunt                    Necr/Summ      52%        N/A       54%         7
 Alistair's Intoxication  Alch           14%        N/A       63%         5
 Metabolic Englaciation   Hex/Ice        10%        N/A       63%         5
 Infestation              Necr           54%        N/A       97%         8
 Eringya's Noxious Bog    Alch           10%        4d6       99%         6
 Sculpt Simulacrum        Ice/Alch       10%        N/A       99%         6
 Lehudib's Crystal Spear  Conj/Erth      31%        10d8      99%         8


Dungeon Overview and Level Annotations

Branches:
Dungeon (15/15) Zot: 25835  Temple (1/1) D:5 Zot: 5966    Lair (5/5) D:8 Zot: 20004
 Shoals (4/4) Lair:2 Zot: 16884  Spider (2/4) Lair:2 Zot: 10264   Slime (0/5) Lair:5
    Orc (2/2) D:11 Zot: 9424     Elf (0/3) Orc:2        Vaults (0/5) D:14
 Depths (0/4) D:15         Bailey (visited)

Altars:
Ashenzari
Cheibriados
Dithmenos
Fedhas
Gozag
Hepliaklqana
Kikubaaqudgha
Makhleb
Nemelex Xobeh
Okawaru
Qazlal
Ru
Sif Muna
Trog
Uskayaw
Vehumet
Wu Jian
Xom
Yredelemnul
Jiyva
Lugonu

Shops:
D:4 [   D:8 **![   D:13 !   Orc:1 (   Orc:2 [(**   Shoals:3 [   Shoals:4 !

Portals:
Abyss: D:6 Lair:5


Innate Abilities, Weirdness & Mutations

You are immune to poison.
Your flesh is cold resistant. (rC+)
You are immune to negative energy. (rN+++)
You are immune to unholy pain and torment.
You are vulnerable to heat. (rF-)
You are strongly in touch with the powers of death.
You do not drink.
You have a special connection with the divine. (Faith)


Message History

Aim the phial where?
Press: ? - help, Shift-Dir - straight line, f - meliai
Aim: a meliai, wielding a +0 hand axe and wearing a +0 leather armour (60% to hit)
The torrent of water hits the meliai!
The meliai is heavily wounded.
The meliai is knocked back by the torrent of water.
The meliai slams into the rock wall!
The meliai is severely wounded.
The meliai is engulfed in water.
The wave splashes down.
The meliai is engulfed in water. x2; The meliai hits you with a +0 war axe!
* * * LOW HITPOINT WARNING * * *
The meliai misses you. You block the meliai's attack. The meliai misses you.
The meliai hits you with a +0 hand axe!
* * * LOW HITPOINT WARNING * * *
The meliai stings you but does no damage.
You block the meliai's attack. The meliai stings you.
* * * LOW HITPOINT WARNING * * *
The meliai hits you but does no damage.
The meliai stings you but does no damage.
The meliai hits you with a +0 hand axe.
* * * LOW HITPOINT WARNING * * *
The meliai stings you but does no damage.
Okay, then.
Unknown command.
Hit: a) staff of Valour {rElec rF+ Will+ Int+2 Air}
Press: ? - help, Dir - move target, f/p - meliai
Aim: a meliai, wielding a +0 hand axe and wearing a +0 leather armour (severely wounded, waterlogged, about 49% to evade the staff of Valour)
Okay, then.
Unknown command.
Unknown command.
Okay, then.
Unknown command.
Aiming: Fastroot
Press: ? - help, Shift-Dir - straight line, f - you, p - meliai The roots erupt in riotous growth!
Roots grab the meliai. x3
The grasping roots constrict the meliai!
The grasping roots constrict the meliai.
The grasping roots constrict the meliai!
The meliai barely misses you. The meliai closely misses you.
The meliai hits you with a +0 falchion.
* * * LOW HITPOINT WARNING * * *
The meliai closely misses you. You block the meliai's attack.
The meliai barely misses you. The meliai hits you with a +0 war axe.
* * * LOW HITPOINT WARNING * * *
The meliai barely misses you. The meliai closely misses you.
The meliai stings you.
* * * LOW HITPOINT WARNING * * *
The meliai hits you with a +0 hand axe!
You die...

..##....#....#..##
...##..##....####
..!.##..##..###
....#...^#....###
#.^.#.#.###.....#
#.#########....##
#..####..###.~.~##
....##...###.~~y†##
#....#..##.####y@y##
.#...##.....##~^~~.#
...#..##...#####.~.#
............# ##.##
.#..##...#.#### ###
.#..^....####.#
.##^.....#.#..#
.##...#......^#
###....#...####


You could see 3 meliai.

Vanquished Creatures
  Polyphemus (Shoals:4)
  Agnes (Spider:1)
  Kirke (D:15)
  Roxanne (Spider:1)
  Louise (Spider:1)
  An orc warlord (Orc:2)
  A broodmother (Spider:1)
  3 merfolk javelineers (Shoals:4)
  4 merfolk impalers
  2 fire dragons (D:15)
  2 hydras
  An ice dragon (D:15)
  6 centaur warriors
  An alligator snapping turtle (Shoals:1)
  3 merfolk aquamancers
  A merfolk avatar (Shoals:4)
  2 catoblepae
  7 boulder beetles
  A tengu warrior (D:14)
  2 death yaks (Shoals:4)
  2 radroaches
  3 two-headed ogres
  3 thrashing horrors (Lair:5)
  6 satyrs
  A demonic crawler (Spider:2)
  Nergalle (D:12)
  4 pharaoh ants
  9 sea snakes
  5 skysharks
  A swamp dragon (Lair:1)
  A large abomination (Lair:5)
  A deep troll (D:14)
  Pikel (D:8)
  A lindwurm (Lair:4)
  8 harpies
  3 deep elf pyromancers
  2 orc knights
  4 wolf spiders
  24 fauns
  A harpy (shapeshifter) (Lair:5)
  10 manticores
  The ghost of HourglassMan the Spear-Bearer, a novice MfGl of Uskayaw (D:6)
  A necromancer (Spider:2)
  2 orc sorcerers (Orc:2)
  6 wolf spider zombies (Spider:2)
  4 oklob plants
  9 cyclopes
  8 ugly things
  3 meliai (Spider:1)
  9 elephants
  7 merfolk sirens
  4 black mambas
  3 water nymphs (Shoals:3)
  A torpor snail (Lair:2)
  13 cane toads
  A gargoyle (D:10)
  2 unseen horrors
  5 rime drakes
  2 freezing wraiths (D:14)
  4 kobold demonologists (D:10)
  14 komodo dragons
  3 tengu conjurers
  8 redback zombies (Spider:2)
  A queen bee (D:10)
  5 trolls
  2 polar bears
  7 tarantellas
  20 blink frogs
  22 merfolk
  4 wind drakes
  8 tarantella zombies (Spider:2)
  2 raiju (Lair:5)
  4 snapping turtles
  A hornet (D:7)
  4 culicivora zombies (Spider:2)
  9 dream sheep
  11 slime creatures
  8 jumping spiders
  A shadow (D:12)
  9 culicivoras
  A spriggan (Lair:5)
  31 yaks
  10 water elementals
  A wyvern (D:8)
  2 wraiths
  A hog (D:15)
  2 humans (D:15)
  2 steam dragons
  2 vampires
  A basilisk (shapeshifter) (Lair:5)
  4 wargs
  4 basilisks
  17 redbacks
  Grum (D:8)
  7 vampire mosquitoes
  2 chaos spawn (Lair:5)
  An acid dragon (D:10)
  9 water moccasins
  40 orc warriors
  An ice beast (D:5)
  4 ogres
  6 laughing skulls
  3 boggarts (D:15)
  8 wolves
  13 centaurs
  2 lemures (D:8)
  A phantom (D:6)
  2 kobold brigands
  7 bullfrogs
  6 scorpions
  7 small abominations
  A gnoll sergeant (D:7)
  A wight (D:10)
  A burial acolyte (D:5)
  36 killer bees
  2 howler monkeys
  3 electric eels (Lair:3)
  4 jellies
  10 orc priests
  2 hounds
  2 iguanas (D:6)
  21 orc wizards
  11 gnolls
  3 adders
  2 shadow imps
  A white imp (D:6)
  4 ufetubi
  2 adder zombies (D:5)
  A dart slug (D:2)
  2 ribbon worms (D:2)
  91 orcs
  3 ball pythons
  3 bats
  11 endoplasms
  A giant cockroach (D:4)
  13 hobgoblins
  6 jackals
  2 quokkas (D:5)
  A frilled lizard (D:1)
  3 goblins
  A jackal zombie (D:5)
  15 kobolds
  4 rats
  A butterfly (Lair:1)
823 creatures vanquished.

Vanquished Creatures (collateral kills)
  A cyclops (D:11)
  A manticore (D:11)
  A black mamba (Lair:5)
  A rime drake (Lair:4)
  A hornet (shapeshifter) (Lair:5)
  A blink frog (Lair:2)
  3 yaks
  A wraith (D:10)
  2 basilisks (Lair:5)
  2 chaos spawn (Lair:5)
  A water moccasin (Lair:5)
  2 orc warriors
  2 wolves
  A bullfrog (Lair:1)
  2 gnoll sergeants
  2 wights (D:10)
  8 killer bees (D:10)
  Crazy Yiuf (D:4)
  4 gnolls
  A white imp (D:6)
  9 orcs
  2 endoplasms (Lair:5)
49 creatures vanquished.

Vanquished Creatures (others)
  A yak (Lair:5)
  A water elemental (Shoals:2)
  85 blazeheart cores
  13 foxfires (Shoals:2)
100 creatures vanquished.

Grand Total: 972 creatures vanquished

Notes
Turn   | Place    | Note
-------+----------+-------------------------------------------
     0 | D:1      | Ge0ff the Mummy Cinder Acolyte began the quest for the Orb.
     0 | D:1      | Reached XP level 1. HP: 18/18 MP: 2/2
    81 | D:1      | Found a faded altar of an unknown god.
   205 | D:1      | Reached XP level 2. HP: 20/24 MP: 4/4
   229 | D:1      | Reached skill level 2 in Spellcasting
   234 | D:1      | Learned a level 2 spell: Scorch
   420 | D:1      | Reached skill level 1 in Stealth
  1144 | D:2      | Reached XP level 3. HP: 28/29 MP: 2/6
  1487 | D:2      | Identified 2 scrolls of acquirement
  1487 | D:2      | Acquired a +1 hat of see invisible
  1488 | D:2      | Acquired a book of Callings
  2507 | D:2      | Reached XP level 4. HP: 33/35 MP: 2/8
  2762 | D:3      | Reached skill level 1 in Summonings
  3240 | D:3      | Found a shadowy altar of Dithmenos.
  3242 | D:3      | Found a sacrificial altar of Ru.
  3244 | D:3      | Found a shimmering blue altar of Sif Muna.
  3244 | D:3      | Found a burning altar of Makhleb.
  3244 | D:3      | Found a broken altar of Ashenzari.
  3246 | D:3      | Identified the staff of Valour {rElec rF+ Will+ Int+2 Air}
  3248 | D:3      | Found a basalt altar of Yredelemnul.
  3251 | D:3      | Found a blossoming altar of Fedhas.
  3331 | D:3      | Reached skill level 3 in Spellcasting
  3479 | D:3      | Learned a level 4 spell: Summon Blazeheart Golem
  3575 | D:4      | Reached XP level 5. HP: 41/41 MP: 4/9
  3659 | D:4      | Found Jepsumem's Armour Shoppe.
  3697 | D:4      | Found a runed translucent door.
  3698 | D:4      | Noticed Crazy Yiuf
  4119 | D:4      | Reached XP level 6. HP: 47/47 MP: 4/11
  4617 | D:4      | Killed Crazy Yiuf
  4678 | D:5      | Entered Level 5 of the Dungeon
  4860 | D:5      | Noticed an ice beast
  4864 | D:5      | Killed an ice beast
  4865 | D:5      | Reached skill level 4 in Spellcasting
  5238 | D:5      | Found a staircase to the Ecumenical Temple.
  5248 | Temple   | Found a transporter.
  5248 | Temple   | Found a transporter.
  5248 | Temple   | Found a transporter.
  5248 | Temple   | Found a transporter.
  5248 | Temple   | Entered the Ecumenical Temple
  5443 | D:5      | Reached XP level 7. HP: 52/52 MP: 3/13
  5571 | D:5      | Found an ancient bone altar of Kikubaaqudgha.
  6380 | D:6      | Found a transporter.
  6385 | D:6      | Noticed HourglassMan's ghost (novice MfGl)
  6436 | D:6      | Found a transporter.
  6437 | D:6      | Found a one-way gate to the infinite horrors of the Abyss.
  6577 | D:6      | Reached skill level 5 in Fire Magic
  6577 | D:6      | Identified the +5 rapier of the Pits of Slime {flame,
                  | ^Fragile MP+9 Str+3 Int+2}
  6656 | D:6      | Reached skill level 5 in Spellcasting
  6876 | D:6      | Reached XP level 8. HP: 53/58 MP: 15/15
  7332 | D:7      | Noticed a hornet
  7341 | D:7      | Killed a hornet
  7342 | D:7      | Reached skill level 6 in Spellcasting
  7342 | D:7      | Reached skill level 5 in Summonings
  7771 | D:7      | Reached XP level 9. HP: 63/63 MP: 17/18
  7834 | D:7      | Identified the orb of Failure {*channel, rF- rCorr Hexes}
  8504 | D:8      | Noticed Grum
  8504 | D:8      | Found a staircase to the Lair.
  8514 | D:8      | Killed Grum
  8521 | D:8      | Noticed Pikel
  8554 | D:8      | Killed Pikel
  8555 | D:8      | Reached skill level 7 in Spellcasting
  8572 | D:8      | Found Ybeo's Distillery.
  8628 | D:8      | Found a flagged portal.
  8659 | Bailey   | Entered a bailey
  8898 | Bailey   | Reached skill level 1 in Evocations
  9342 | Bailey   | Reached XP level 10. HP: 7/70 MP: 12/21
  9796 | Bailey   | Reached skill level 8 in Spellcasting
 10833 | D:8      | Found Geecan's General Store.
 10839 | D:8      | Bought a scroll of identify for 24 gold pieces
 10839 | D:8      | Bought a scroll of poison for 48 gold pieces
 11152 | D:8      | Found Beirch's Antique Armour Shoppe.
 11296 | D:8      | Found Diamerhos's General Store.
 11300 | D:8      | Bought a wand of light (3) for 176 gold pieces
 11922 | D:9      | Reached skill level 1 in Throwing
 11922 | D:9      | Reached skill level 1 in Armour
 11922 | D:9      | Reached skill level 1 in Dodging
 12333 | D:10     | Entered Level 10 of the Dungeon
 12715 | D:10     | Noticed a gargoyle
 12725 | D:10     | Killed a gargoyle
 12907 | D:10     | Noticed a two-headed ogre
 12913 | D:10     | Killed a two-headed ogre
 12914 | D:10     | Reached skill level 9 in Spellcasting
 12921 | D:10     | Noticed a sun demon
 12927 | D:10     | Reached XP level 11. HP: 76/78 MP: 19/24
 13309 | D:10     | HP: 2/78 [killer bee (7)]
 13589 | D:11     | HP: 3/78 [cyclops/large rock (14)]
 13843 | D:11     | Learned a level 1 spell: Apportation
 13913 | D:11     | Noticed a boulder beetle
 13923 | D:11     | Killed a boulder beetle
 13968 | D:11     | Reached skill level 5 in Fighting
 14208 | D:11     | Found a stormy altar of Qazlal.
 14223 | D:11     | Acquired an amulet of regeneration
 14411 | D:11     | Reached skill level 10 in Spellcasting
 14711 | D:11     | Found a staircase to the Orcish Mines.
 15102 | D:12     | Noticed Nergalle
 15111 | D:12     | Killed Nergalle
 15112 | D:12     | Reached skill level 5 in Evocations
 15577 | D:12     | Noticed a two-headed ogre
 15585 | D:12     | Killed a two-headed ogre
 15586 | D:12     | Reached XP level 12. HP: 89/89 MP: 26/26
 16194 | D:10     | Reached skill level 10 in Fire Magic
 17362 | D:10     | Reached skill level 11 in Spellcasting
 17443 | D:10     | Found a stormy altar of Qazlal.
 17630 | D:8      | Bought Great Wizards, Vol. II for 456 gold pieces
 17636 | D:8      | Learned a level 5 spell: Borgnjor's Vile Clutch
 17648 | Lair:1   | Entered Level 1 of the Lair of Beasts
 17746 | Lair:1   | Reached skill level 1 in Necromancy
 17746 | Lair:1   | Reached skill level 1 in Earth Magic
 18342 | Lair:1   | Found a transporter.
 18443 | Lair:1   | Found a transporter.
 18687 | Lair:1   | Identified the amulet "Cepoad" {RegenMP Str+2 Int+2}
 18780 | Lair:2   | Noticed a boulder beetle
 18790 | Lair:1   | Killed a boulder beetle
 19149 | Lair:2   | Found a staircase to the Shoals.
 19162 | Lair:2   | Reached skill level 5 in Earth Magic
 19521 | Lair:2   | Found a hole to the Spider Nest.
 19564 | Lair:2   | Reached skill level 5 in Necromancy
 19826 | Lair:2   | Gained mutation: You are strongly in touch with the powers
                  | of death. [Mummy growth]
 19826 | Lair:2   | Reached XP level 13. HP: 87/96 MP: 28/28
 23171 | Lair:4   | Identified the ring of Dawn {Fire Slay+2}
 23198 | Lair:4   | Reached skill level 12 in Spellcasting
 23317 | Lair:4   | Found a burning altar of Makhleb.
 23843 | Lair:4   | Found a burning altar of Makhleb.
 24516 | Lair:5   | Entered Level 5 of the Lair of Beasts
 24802 | Lair:5   | Identified the +0 ring mail "Emeck" {Int+4}
 25235 | Lair:5   | Found a sparkling altar of Nemelex Xobeh.
 25289 | Lair:5   | Found a viscous altar of Jiyva.
 25289 | Lair:5   | Found a staircase to the Slime Pits.
 25610 | Lair:5   | Reached skill level 10 in Necromancy
 25720 | Lair:5   | Reached XP level 14. HP: 79/103 MP: 21/30
 25775 | Lair:5   | Learned a level 4 spell: Animate Armour
 26461 | Lair:5   | Learned a level 3 spell: Stone Arrow
 26571 | Lair:5   | Reached skill level 1 in Translocations
 26646 | Lair:5   | Reached skill level 1 in Conjurations
 26784 | Lair:5   | Found a corrupted altar of Lugonu.
 27125 | D:6      | Killed HourglassMan's ghost
 27316 | Orc:1    | Entered Level 1 of the Orcish Mines
 27806 | Orc:1    | Found Diate's Antique Weapon Shoppe.
 27985 | Orc:2    | Entered Level 2 of the Orcish Mines
 28077 | Orc:2    | Found a staircase to the Elven Halls.
 28342 | Orc:2    | Found Roerr's Magic Scroll Emporium.
 28530 | Orc:2    | Found Gagauko's General Store.
 29216 | Orc:2    | Found Zicar's General Store.
 29243 | Orc:2    | Reached skill level 13 in Spellcasting
 29416 | Orc:2    | Noticed an orc warlord
 29429 | Orc:2    | Killed an orc warlord
 29729 | Orc:2    | Found Lenaosuon's Antique Armour Emporium.
 29733 | Orc:2    | Found Asch's Antique Weapon Shoppe.
 29840 | Orc:2    | Bought a scroll of vulnerability for 60 gold pieces
 29840 | Orc:2    | Bought a scroll of revelation for 112 gold pieces
 29996 | D:13     | Found an iron altar of Okawaru.
 30055 | D:13     | Found Tinti's Distillery.
 31098 | D:14     | Reached skill level 5 in Conjurations
 31477 | D:14     | Reached skill level 1 in Shields
 31559 | D:14     | Reached XP level 15. HP: 108/108 MP: 26/32
 31668 | D:14     | Reached skill level 14 in Spellcasting
 31822 | D:14     | Found a gate to the Vaults.
 32210 | D:15     | Entered Level 15 of the Dungeon
 32792 | D:15     | Found a staircase to the Depths.
 32896 | D:15     | Noticed Kirke
 32905 | D:15     | Killed Kirke
 33411 | Shoals:1 | Entered Level 1 of the Shoals
 33513 | Shoals:1 | Reached skill level 5 in Shields
 34243 | Shoals:1 | Learned a level 5 spell: Iskenderun's Battlesphere
 34252 | Shoals:1 | Identified the +4 quarterstaff "Ifoor" {venom, Str+3 Dex+3}
 34982 | Shoals:2 | Reached skill level 5 in Armour
 36372 | Shoals:3 | Found Tokoyo's Dragon-Slaying Spoils.
 36573 | Shoals:3 | Reached skill level 15 in Spellcasting
 36788 | Shoals:3 | Identified the +9 whip of Oduushruq {venom, rF+ rC+ Str-3}
 37401 | Shoals:4 | Entered Level 4 of the Shoals
 37446 | Shoals:3 | Learned a level 7 spell: Spellforged Servitor
 37614 | Shoals:4 | Reached XP level 16. HP: 120/120 MP: 29/35
 38114 | Shoals:4 | Noticed Polyphemus
 38202 | Shoals:4 | Killed Polyphemus
 38754 | Shoals:4 | Identified the +7 falchion of Honour {holy, rElec rF+
                  | Dex+2}
 39249 | Shoals:4 | Identified the +3 halberd of Guile {freeze, +Blink Stlth+}
 39361 | Shoals:4 | Reached skill level 1 in Air Magic
 39505 | Shoals:4 | Got a barnacled rune of Zot
 39528 | Shoals:4 | Learned a level 6 spell: Plasma Beam
 39620 | Shoals:4 | Found Refuig's Distillery.
 40237 | Spider:1 | Entered Level 1 of the Spider Nest
 40922 | Spider:1 | Reached skill level 5 in Air Magic
 40986 | Spider:1 | Noticed Agnes
 40990 | Spider:1 | Killed Agnes
 41251 | Spider:1 | Noticed Louise
 41385 | Spider:1 | Killed Louise
 41538 | Spider:1 | Noticed Roxanne
 41557 | Spider:1 | Killed Roxanne
 42039 | Spider:2 | Reached XP level 17. HP: 109/127 MP: 28/36
 42411 | Spider:1 | Slain by a meliai

Illustrated notes

Levels and vault maps discovered:
D:1:      mainiacjoe_arrival_reflecting_pool, layout_basic,
          basic_ecumenical_altar, minmay_liquid_box
D:2:      layout_basic, minmay_gold_behind_fungi, grunt_decor_junction,
          chequers_jeans
D:3:      cheibrodos_old_hovel, layout_loops_corners, minitemple
D:4:      layout_loops_cross, serial_shops, shop, kennysheep_path_1,
          uniq_crazy_yiuf_cottage
D:5:      layout_basic, lemuel_zombie_altar_kikubaaqudgha,
          minmay_temple_entry_crystal_x, nicolae_eternal_life
D:6:      layout_basic, gammafunk_ghost_abyssal_escape
D:7:      layout_basic, kennysheep_minor_cross
D:8:      layout_cave_pools, lair_entry_dummy, serial_shops,
          nicolae_shop_back_alley_shop, shop, shop, shop, enter_bailey_8,
          uniq_pikel, uniq_grum
D:9:      layout_long_grid
D:10:     layout_small_grid, lemuel_coloured_pillars_altar, special_room
          [special_room_bee]
D:11:     nicolae_cairo_tiling, layout_cave_pools,
          nicolae_qazlal_general_emergency
D:12:     layout_basic, uniq_nergalle
D:13:     layout_irregular_city, serial_shops, nicolae_square_shop,
          okawaru_metal_pillars_3
D:14:     layout_long_grid, david_vaults_4, amethyst_killhole
D:15:     grunt_enter_depths_hoard, layout_long_grid,
          dreamdust_princess_corridor, uniq_kirke
Temple:   hellmonk_temple_divided_pantheon
Lair:1:   gammafunk_cloud_chamber, layout_loops_ring, st_stairs_5,
          lemuel_fruit_fields
Lair:2:   layout_cave_shapes, minmay_shoals_entry_lonely_mermaid,
          spider_nest_entry_rubble
Lair:3:   layout_chaotic_city, chequers_serial_rivers_micro_c, st_stairs_4,
          chequers_serial_rivers_small_b, serial_bayou_lagoon_b,
          grunt_megastairs_2
Lair:4:   layout_long_grid, lemuel_centaur_altar, grunt_megastairs_3,
          infiniplex_staircase_pool_2, lemuel_fruit_fields
Lair:5:   hellmonk_lair_end_abyssal_woods, layout_cave_pods,
          nicolae_slime_entry_slimehenge, serial_rivers,
          chequers_serial_rivers_micro_a, chequers_serial_rivers_large_a,
          chequers_serial_rivers_room_b, chequers_serial_rivers_room_b,
          chequers_serial_rivers_small_b, chequers_serial_rivers_micro_a,
          basic_altar, grunt_megastairs_4
Shoals:1: layout_shoals, nicolae_shoals_arrival_archipelago
Shoals:2: layout_shoals, nicolae_shoals_this_corrosion
Shoals:3: layout_shoals, nicolae_shop_dragon_depot,
          nicolae_shoals_former_cling_halls
Shoals:4: shoals_end_grunt_garden, layout_shoals, serial_shops, shop,
          nzn_prometheus_bound, uniq_polyphemus
Spider:1: layout_spider_delve, uniq_roxanne, uniq_agnes, uniq_louise
Spider:2: lemuel_spider_zombies, gammafunk_ghost_mausoleum, uniq_aizul
Orc:1:    layout_diamond_mine, serial_shops, nicolae_shop_statue_plus,
          nicolae_orc_lava_room
Orc:2:    grunt_orc_community_town_hall, layout_caves,
          grunt_orc_community_big_house_2, grunt_orc_community_big_house_1,
          grunt_orc_community_house_3, grunt_orc_community_house_3,
          grunt_orc_community_house_1, grunt_orc_community_house_1,
          serial_shops, nicolae_shop_advertising_works
          [nicolae_subvault_shop_adworks]

Skill      XL: |  1  2  3  4  5  6  7  8  9 10 11 12 13 14 15 16 |
---------------+-------------------------------------------------+-----
Spellcasting   | 2 3 4 5 6 7 9 10 11 12 13 15 | 15.0
Stealth        | 1 2 |  2.0
Fire Magic     | 3 4 5 6 8 9 10 | 10.2
Summonings     | 1 2 3 4 5 7 8 |  8.0
Evocations     | 1 3 5 6 |  6.5
Throwing       | 1 2 3 |  3.0
Armour         | 2 3 5 |  5.0
Dodging        | 2 3 4 |  4.0
Fighting       | 4 6 7 9 |  9.9
Necromancy     | 5 10 | 10.0
Earth Magic    | 6 8 9 |  9.0
Translocations | 2 |  2.0
Conjurations   | 5 7 8 |  8.0
Shields        | 1 7 |  7.0
Air Magic      | 7 |  7.7
Polearms       | |  2.4

Action                     |  1- 3 |  4- 6 |  7- 9 | 10-12 | 13-15 | 16-18 || total
---------------------------+-------+-------+-------+-------+-------+-------++-------
  Melee: Spear             |    83 |       |       |       |       |       ||    83
         Trident           |       |    28 |       |       |       |       ||    28
         Staff             |       |     2 |     9 |     5 |    35 |    13 ||    64
         Punch             |       |       |       |       |     1 |       ||     1
  Throw: Stone             |       |       |       |     1 |     2 |       ||     3
         Dart              |       |       |       |       |     1 |     1 ||     2
   Cast: Scorch            |    36 |    60 |   137 |   304 |   149 |     7 ||   693
         Summon Blazeheart |       |     1 |    14 |    58 |    47 |       ||   120
         Borgnjor's Vile C |       |       |       |     3 |   332 |   115 ||   450
         Stone Arrow       |       |       |       |       |   360 |   181 ||   541
         Animate Armour    |       |       |       |       |     3 |       ||     3
         Iskenderun's Batt |       |       |       |       |     5 |       ||     5
         Plasma Beam       |       |       |       |       |       |    37 ||    37
 Invoke: Fiery Armour      |       |     1 |     1 |     2 |     1 |       ||     5
         Foxfire Swarm     |       |       |       |       |     1 |       ||     1
  Evoke: Wand              |       |       |     3 |    22 |    24 |    13 ||    62
         Phial of floods   |       |       |       |       |       |     1 ||     1
    Use: Scroll            |     4 |       |     2 |    24 |     7 |     6 ||    43
 Armour: Robe              |    45 |    33 |   109 |   301 |    11 |       ||   499
         Steam dragon scal |       |       |       |       |   211 |       ||   211
         Troll leather arm |       |       |       |       |   226 |   287 ||   513
  Dodge: Dodged            |    40 |    39 |    79 |   247 |   263 |   135 ||   803
  Block: Buckler           |       |       |       |       |    34 |    66 ||   100

Table legend: (Time is in decaauts)
 A = Elapsed time spent in this place.
 B = Non-inter-level travel time spent in this place.
 C = Inter-level travel time spent in this place.
 D = Time resting spent in this place.
 E = Time spent auto-exploring this place.
 F = Levels seen in this place.
 G = Mean time per level.
                   A        B        C        D        E       F      G
               +--------+--------+--------+--------+--------+-----+--------+
         Total |  42861 |  40524 |   2337 |   3632 |  30335 |  30 | 1428.7 |
       Dungeon |  19285 |  18057 |   1228 |    872 |  14656 |  15 | 1285.7 |
        Temple |     33 |     25 |      8 |      0 |      0 |   1 |   33.0 |
          Lair |   9995 |   9520 |    475 |   1190 |   6875 |   5 | 1999.0 |
        Shoals |   7115 |   6825 |    290 |    725 |   4739 |   4 | 1778.8 |
   Spider Nest |   1734 |   1581 |    153 |    351 |    907 |   2 |  867.0 |
  Orcish Mines |   2575 |   2394 |    181 |     86 |   1863 |   2 | 1287.5 |
        Bailey |   2120 |   2120 |      0 |    408 |   1294 |   1 | 2120.0 |
               +--------+--------+--------+--------+--------+-----+--------+

Top non-repeatable levels by time:
    D:10: 2550 daAuts
  Lair:5: 2469 daAuts
  Lair:4: 2285 daAuts
Shoals:4: 2164 daAuts
  Bailey: 2120 daAuts
  Lair:3: 2024 daAuts
Shoals:3: 1913 daAuts
  Lair:2: 1762 daAuts
   Orc:2: 1733 daAuts
Spider:1: 1587 daAuts
Shoals:1: 1523 daAuts
Shoals:2: 1514 daAuts
     D:2: 1484 daAuts
     D:6: 1477 daAuts
  Lair:1: 1453 daAuts
